 Dungeon Crawl Stone Soup version 0.31.0-11-ge490571c62 (webtiles) character file.

Game seed: 3000402904185009237

1501435 Ruich the Conqueror (level 26, 266/266 HPs)
             Began as an Armataur Fighter on Feb 1, 2024.
             Was an Elder of Okawaru.
             Escaped with the Orb
             ... and 3 runes on Feb 2, 2024!
             The game lasted 05:13:10 (88203 turns).

Ruich the Conqueror (Armataur Fighter)             Turns: 88203, Time: 05:13:11

Health: 266/266    AC: 52    Str: 35    XL:     26   Next: 56%
Magic:  29/29      EV:  5    Int: 12    God:    Okawaru [****..]
Gold:   2522       SH: 18    Dex:  9    Spells: 25/25 levels left

rFire   + . .        A - +1 eveningstar (heavy)
rCold   + + +        U - +0 tower shield
rNeg    + . .        q - +10 gold dragon scales
rPois   +            (helmet restricted)
rElec   +            e - +2 cloak of Gehenna {Will+ Int+2}
rCorr   .            T - +2 pair of gloves {hurl}
SInv    .            K - +6 lightning scales {swift, rElec}
Will    +++..        b - amulet of the Threshing Fool {Acrobat Rampage +Inv Str+5 Stlth-} Stlth
                     w - ring of willpower
HPRegen 0.64/turn    P - ring of the Sufficient God {rPois rC++ rN+ Str+3}
MPRegen 0.21/turn

%: acrobat, roll
@: quick
A: large, deformed body, tough skin 3, armoured tail, roll 2, antennae 1, clumsy
1, dopey 1, low MP 1, sense surroundings 1, weak 1, inability to read after
injury 1
0: Orb of Zot
}: 3/15 runes: decaying, silver, gossamer
a: Renounce Religion, Evoke Invisibility, Heroism, Finesse


You escaped.
You worshipped Okawaru.
Okawaru was greatly pleased with you.
You visited 9 branches of the dungeon, and saw 47 of its levels.
You visited the Abyss 1 time.
You visited 1 bazaar.
You also visited: Gauntlet.

You collected 7638 gold pieces.
You spent 5116 gold pieces at shops.


Innate Abilities, Weirdness & Mutations

Armour fits poorly on your strangely shaped body.
You have extremely tough skin. (AC +3)
You have a long armoured tail.
You regenerate magic and health when rolling toward enemies. (Rampage Regen)
You have a pair of small antennae on your head.
You are clumsy. (Dex -2)
You are dopey. (Int -2)
Your magical capacity is low. (-10% MP)
You passively map a small area around you.
You are weak. (Str -2)
You occasionally lose the ability to read scrolls when taking damage.


   Skills:
 O Level 27 Fighting
 + Level 17.5 Maces & Flails
 - Level 20.0 Throwing
 + Level 21.8 Armour
 - Level 10.0 Dodging
 - Level 20.0 Stealth
 + Level 17.2 Shields
 - Level 12.6 Invocations
 - Level 2.5 Evocations


You had 25 spell levels left.
You didn't know any spells.
Your spell library contained the following spells:

 Spells                   Type           Power      Damage    Failure   Level
 Freeze                   Ice            0%         1d3       98%         1
 Magic Dart               Conj           0%         1d3       98%         1
 Sandblast                Erth           0%         2d4       98%         1
 Shock                    Conj/Air       0%         1d3       98%         1
 Slow                     Hex            0%         N/A       98%         1
 Blink                    Tloc           0%         N/A       99%         2
 Cigotuvi's Dreadful Rot  Necr/Alch/Air  0%         N/A       99%         2
 Ensorcelled Hibernation  Hex/Ice        0%         N/A       99%         2
 Jinxbite                 Hex            0%         N/A       99%         2
 Static Discharge         Conj/Air       0%         3-3/arc   99%         2
 Sublimation of Blood     Necr           0%         N/A       99%         2
 Confusing Touch          Hex            0%         N/A       100%        3
 Frozen Ramparts          Ice            0%         1d1       100%        3
 Gell's Gravitas          Tloc           0%         N/A       100%        3
 Hailstorm                Conj/Ice       0%         3d5       100%        3
 Inner Flame              Hex/Fire       0%         N/A       100%        3
 Passwall                 Erth           0%         N/A       100%        3
 Sigil of Binding         Hex            0%         N/A       100%        3
 Swiftness                Air            0%         N/A       100%        3
 Teleport Other           Tloc           0%         N/A       100%        3
 Vampiric Draining        Necr           0%         2d6       100%        3
 Airstrike                Air            0%         2d(0-16)  100%        4
 Anguish                  Hex/Necr       0%         N/A       100%        4
 Brom's Barrelling Bould  Conj/Erth      0%         2d3       100%        4
 Cause Fear               Hex            0%         N/A       100%        4
 Dimensional Bullseye     Hex/Tloc       0%         N/A       100%        4
 Dispel Undead            Necr           0%         3d6       100%        4
 Fulminant Prism          Conj/Alch      0%         3d5       100%        4
 Ignite Poison            Fire/Alch      0%         N/A       100%        4
 Iskenderun's Mystic Bla  Conj/Tloc      0%         2d3       100%        4
 Leda's Liquefaction      Alch/Erth      0%         N/A       100%        4
 Manifold Assault         Tloc           0%         N/A       100%        4
 Olgreb's Toxic Radiance  Alch           0%         N/A       100%        4
 Passage of Golubria      Tloc           0%         N/A       100%        4
 Petrify                  Alch/Erth      0%         N/A       100%        4
 Sticky Flame             Fire/Alch      0%         2d4       100%        4
 Vhi's Electric Charge    Tloc/Air       0%         N/A       100%        4
 Arcjolt                  Conj/Air       0%         1d10      100%        5
 Borgnjor's Vile Clutch   Necr/Erth      0%         N/A       100%        5
 Fireball                 Conj/Fire      0%         3d3       100%        5
 Irradiate                Conj/Alch      0%         3d11      100%        5
 Iskenderun's Battlesphe  Conj           0%         2d6       100%        5
 Lee's Rapid Deconstruct  Erth           0%         3d4*      100%        5
 Silence                  Hex/Air        0%         N/A       100%        5
 Yara's Violent Unravell  Hex/Alch       0%         3d3       100%        5
 Conjure Ball Lightning   Conj/Air       0%         3x3d6     100%        6
 Dispersal                Tloc           0%         N/A       100%        6
 Eringya's Noxious Bog    Alch           0%         4d6       100%        6
 Plasma Beam              Fire/Air       0%         2x1d10    100%        6
 Starburst                Conj/Fire      0%         6d3       100%        6
 Enfeeble                 Hex            0%         N/A       100%        7
 Orb of Destruction       Conj           0%         9d5       100%        7
 Ozocubu's Refrigeration  Ice            0%         4d7       100%        7
 Borgnjor's Revivificati  Necr           0%         N/A       100%        8
 Discord                  Hex            0%         N/A       100%        8
 Disjunction              Tloc           0%         N/A       100%        8
 Ignition                 Fire           0%         3d3       100%        8
 Lehudib's Crystal Spear  Conj/Erth      0%         10d2      100%        8
 Shatter                  Erth           0%         3d5*      100%        9
 Call Imp                 Summ           Unusable   N/A       N/A         2
 Call Canine Familiar     Summ           Unusable   N/A       N/A         3
 Tukima's Dance           Hex            Unusable   N/A       N/A         3
 Animate Armour           Summ/Erth      Unusable   N/A       N/A         4
 Animate Dead             Necr           Unusable   N/A       N/A         4
 Martyr's Knell           Necr/Summ      Unusable   N/A       N/A         4
 Summon Lightning Spire   Summ/Air       Unusable   N/A       N/A         4
 Summon Forest            Summ/Tloc      Unusable   N/A       N/A         5
 Death Channel            Necr           Unusable   N/A       N/A         6
 Malign Gateway           Summ/Tloc      Unusable   N/A       N/A         7
 Spellforged Servitor     Conj/Summ      Unusable   N/A       N/A         7
 Summon Hydra             Summ           Unusable   N/A       N/A         7
 Dragon's Call            Summ           Unusable   N/A       N/A         9

Inventory:

Hand Weapons
 A - a +1 heavy eveningstar (weapon)
 C - a +1 sacred scourge of holy wrath
 V - a +4 demon whip of protection
Missiles
 c - 12 curare-tipped darts {=f}
 i - 30 boomerangs
 u - 22 atropa-tipped darts
 x - a dart of dispersal {=f}
 y - 17 javelins
 H - 2 poisoned darts
 L - 13 silver javelins (quivered)
 M - 8 stones
 O - 10 datura-tipped darts
Armour
 d - the +5 helmet of Beuletynio {Str+5}
   (You took it off Robin on level 2 of the Dungeon)

   Str+5:     It affects your strength (+5).
 e - the +2 cloak of Gehenna (worn) {Will+ Int+2}
   (You bought it in a shop on level 13 of the Dungeon)

   Int+2:     It affects your intelligence (+2).
   Will+:     It increases your willpower.
 q - +10 gold dragon scales (worn)
 K - the +6 lightning scales (worn) {swift, rElec}
   (Okawaru gifted it to you on level 3 of the Lair of Beasts)

   Swift:     It allows the wearer to cover ground more swiftly.
   rElec:     It insulates you from electricity.
 T - a +2 pair of gloves of hurling (worn)
 U - a +0 tower shield (worn)
Jewellery
 b - the amulet of the Threshing Fool (around neck) {Acrobat Rampage +Inv Str+5 Stlth-}
   (You found it on level 3 of the Depths)

   [amulet of the acrobat]

   Acrobat:   It increases your evasion while moving and waiting.
   Str+5:     It affects your strength (+5).
   +Inv:      It lets you turn invisible.
   Rampage:   It bestows one free step when moving towards enemies.
   Stlth-:    It makes you less stealthy.
 v - a ring of see invisible
 w - a ring of willpower (left hand)
 B - a ring of the Octopus King {rF+ HP+2 AC+2 EV+2 SH+2}
   (You found it on level 3 of the Depths)

   [ring of protection from fire]

   AC+2:      It affects your AC (+2).
   EV+2:      It affects your evasion (+2).
   rF+:       It protects you from fire.
   HP+2:      It affects your health (+2).
   SH+2:      It affects your SH (+2).
 D - the amulet of Etedakont {Reflect rC+ rN+ Str-4 Slay+2 SH+5}
   (You took it off a deep elf elementalist on level 3 of the Elven Halls)

   [amulet of reflection]

   Reflect:   It reflects blocked missile attacks.
   Str-4:     It affects your strength (-4).
   Slay+2:    It affects your accuracy & damage with ranged weapons and melee
   (+2).
   rC+:       It protects you from cold.
   rN+:       It protects you from negative energy.
   SH+5:      It affects your SH (+5).
 F - a ring of fire
 I - the ring "Doumouwi" {Ice Fly Will+ Dex+5}
   (You took it off Josephina on level 4 of the Realm of Zot)

   [ring of ice]

   Ice:       It enhances your ice magic.
   Dex+5:     It affects your dexterity (+5).
   rF-:       It makes you vulnerable to fire.
   rC+:       It protects you from cold.
   Will+:     It increases your willpower.
   Fly:       It grants you flight.
 P - the ring of the Sufficient God (right hand) {rPois rC++ rN+ Str+3}
   (You found it on level 2 of the Depths)

   [ring of positive energy]

   Str+3:     It affects your strength (+3).
   rC++:      It greatly protects you from cold.
   rPois:     It protects you from poison rN+: It protects you from negative
   energy.
 W - a ring of willpower
 Z - the ring of the Past {rCorr Str+3 Int+6 Dex-4}
   (You took it off a deep elf annihilator on level 3 of the Elven Halls)

   [ring of intelligence]

   Str+3:     It affects your strength (+3).
   Int+6:     It affects your intelligence (+6).
   Dex-4:     It affects your dexterity (-4).
   rCorr:     It protects you from acid and corrosion.
Scrolls
 a - a scroll of fog
 j - 4 scrolls of blinking
 k - 16 scrolls of teleportation {@r2}
 p - 14 scrolls of fear
 G - 8 scrolls of vulnerability
 S - 10 scrolls of immolation
 X - 4 scrolls of poison
Potions
 f - 4 potions of magic
 g - 6 potions of enlightenment
 h - 5 potions of haste {@q3}
 l - 5 potions of invisibility
 n - 16 potions of attraction
 o - 23 potions of curing {@q1}
 r - 7 potions of might
 s - 7 potions of resistance
 t - 5 potions of brilliance
 z - 5 potions of ambrosia
 E - 4 potions of heal wounds {@q2}
 J - 4 potions of mutation
 Q - 8 potions of lignification

Dungeon Overview and Level Annotations

Branches:
Dungeon (15/15)            Temple (0/1) D:5            Lair (5/5) D:10
  Swamp (4/4) Lair:2       Spider (4/4) Lair:3        Slime (0/5) Lair:5
    Orc (2/2) D:10            Elf (3/3) Orc:2        Vaults (5/5) D:13
  Crypt (0/3) Vaults:2     Depths (4/4) D:15            Zot (5/5) Depths:4
Gauntlet (visited)

Altars:
Ashenzari
Cheibriados
Dithmenos
Elyvilon
Fedhas
Gozag
Kikubaaqudgha
Makhleb
Nemelex Xobeh
Okawaru
Qazlal
Ru
Trog
Uskayaw
Vehumet
Xom
Yredelemnul
Zin
The Shining One
Jiyva

Shops:
D:13 [   Orc:2 *[*:   Elf:1 (   Vaults:2 ?**   Vaults:4 [   Depths:2 ?
Depths:3 *   Depths:4 :*

Portals:
Hell: Lair:5 Depths:1 Depths:2 Depths:3 Depths:4
Abyss: Depths:3 Depths:4
Pandemonium: Depths:1 Depths:2
Ziggurat: Depths:1
Trove: D:12 (give 6 scrolls of fog)

Annotations:
D:7 3 runed translucent doors, Rin's ghost, novice FeSh
D:9 exclusion: oklob plant
Lair:3 exclusion: downstairs
Lair:5 exclusion: 2 oklob plants
Swamp:1 Roxanne
Spider:4 exclusion: door
Elf:2 3 runed translucent doors
Depths:3 2 runed translucent doors, exclusion: door
Depths:4 exclusion: door

#.######.# ##..### #'# #....#
#.....# ♣♣.♣♣########
######..##.####### #♣.♣.♣##.....#
#....#.#.#.......#
#...♣.##.#▒▒'▒▒▒'▒▒..###..#####..
#♣...♣##.#▒...▒...▒.## ##.# ###
#######.#▒.>.▒...▒#.###.##
#.#.#▒...▒...▒##.#.##
#...#▒.>.▒.@.▒ ##.##
#.(##▒...▒...▒ #.## #..#
▒.>.▒...▒ #..# #..# ▒...▒...▒
##.# #..# ▒▒'▒▒▒'▒▒# #.#########
#..# #..# #.#.# #.##.......
#..###.####...# #.##.######
#..÷......###.# #.##.#
##.######.# #.####.##÷######


There were no monsters in sight!


Message History

There is a stone staircase leading up here.
You climb upwards.
There is a stone staircase leading down here.
Unknown command.
There is a stone staircase leading up here.
You climb upwards.
There is a stone staircase leading down here.
A soul eater comes into view.
Unknown command.
The soul eater moves out of view.
Aiming: Dig
Press: ? - help, Shift-Dir - straight line A rock wall.
This square is covered in magical glow.
The rock shatters into small pieces.
The now-empty wand crumbles to dust.
An ice devil comes into view.
There is a stone staircase leading up here.
You climb upwards.
There is a stone staircase leading down here.
You open the door.
There is an open door here.
Unknown command.
Unknown command.
You see here a hobgoblin skeleton.
You open the door.
There is an open door here.
There is a staircase leading out of the dungeon here.
You can't go down here!
Unknown command.
You have escaped!

Skill      XL: |  1  2  3  4  5  6  7  8  9 10 11 12 13 14 15 16 17 18 19 20 21 22 23 24 25 26 |
---------------+-------------------------------------------------------------------------------+-----
Maces & Flails | 2 3 4 5 7 8 10 12 13 16 17 | 17.5
Fighting       | 3 4 5 6 7 9 10 11 12 14 19 21 22 24 25 26 27 | 27.0
Armour         | 4 5 6 7 9 11 14 16 17 18 20 21 | 21.8
Shields        | 4 11 13 15 17 | 17.2
Stealth        | 1 3 4 6 9 10 16 20 | 20.0
Invocations    | 3 5 8 11 12 | 12.6
Throwing       | 4 6 8 10 11 12 17 19 20 | 20.0
Dodging        | 1 5 8 9 10 | 10.0
Evocations     | 2 |  2.5

Action                     |  1- 3 |  4- 6 |  7- 9 | 10-12 | 13-15 | 16-18 | 19-21 | 22-24 | 25-27 || total
---------------------------+-------+-------+-------+-------+-------+-------+-------+-------+-------++-------
  Melee: Flail             |    13 |       |       |       |       |       |       |       |       ||    13
         Whip              |   102 |    58 |    92 |       |       |       |       |       |       ||   252
         Tailslap          |    12 |    19 |    39 |    81 |   255 |   320 |   566 |   539 |   179 ||  2010
         Mace              |       |    94 |   132 |       |       |       |       |       |       ||   226
         Demon whip        |       |       |   107 |   605 |  1314 |  1669 |  2102 |  1792 |       ||  7589
         Eveningstar       |       |       |       |       |       |       |       |   276 |   784 ||  1060
  Throw: Dart              |       |     7 |     7 |    12 |       |       |       |       |       ||    26
         Boomerang         |       |       |       |     7 |    13 |   150 |    66 |       |       ||   236
         Javelin           |       |       |       |       |     8 |   204 |    69 |   150 |    69 ||   500
         Throwing net      |       |       |       |       |       |       |       |       |     2 ||     2
 Invoke: Heroism           |       |       |     1 |     1 |       |     3 |     2 |     5 |     4 ||    16
         Finesse           |       |       |       |     3 |     1 |     5 |     6 |    13 |     8 ||    36
         Receive Weapon    |       |       |       |       |     1 |       |       |       |       ||     1
         Receive Armour    |       |       |       |       |     1 |       |       |       |       ||     1
         Duel              |       |       |       |       |       |       |     1 |     1 |     2 ||     4
  Evoke: Wand              |       |       |       |       |       |       |     4 |       |    11 ||    15
    Use: Potion            |     1 |       |       |       |       |     9 |     1 |     7 |    13 ||    31
         Scroll            |       |       |    27 |     7 |     7 |     7 |     8 |    16 |     9 ||    81
   Stab: Petrified         |       |       |       |       |     1 |       |       |       |       ||     1
         Distracted        |       |       |       |       |       |     5 |       |     1 |       ||     6
         Sleeping          |       |       |       |       |       |     2 |     3 |     1 |       ||     6
         Held in net/web   |       |       |       |       |       |       |       |       |     1 ||     1
 Armour: Scale mail        |    73 |    99 |   224 |       |       |       |       |       |       ||   396
         Chain mail        |       |       |       |   380 |   979 |   499 |  1029 |   396 |       ||  3283
         Swamp dragon scal |       |       |       |       |       |   821 |       |       |       ||   821
         Gold dragon scale |       |       |       |       |       |       |       |   970 |   859 ||  1829
  Dodge: Dodged            |    42 |    49 |    96 |   124 |   178 |   199 |   202 |   180 |    87 ||  1157
  Block: Buckler           |    19 |    40 |    48 |    90 |   175 |   241 |       |       |       ||   613
         Reflection        |       |       |       |       |       |    35 |    93 |    51 |    11 ||   190
         Tower shield      |       |       |       |       |       |   497 |  1654 |  1737 |   974 ||  4862

Levels and vault maps discovered:
D:1:      minmay_arrival_up_and_down, layout_loops_ring, corner_web_ring,
          grunt_decor_junction, chequers_arboretum, supply_closet_lemuel
D:2:      layout_loops_ring, chequers_big_river, uniq_robin, uniq_sigmund,
          uniq_crazy_yiuf_cottage
D:3:      layout_loops_ring, nemelex_spade_bored_becter,
          mainiacjoe_overflow_cross_hatched, mainiacjoe_overflow_chevrons,
          ebering_ecumenical_altar_mist, minivault_23, hex_large,
          kennysheep_cluttered_room
D:4:      minmay_bubble_buster, layout_loops_ring,
          mainiacjoe_overflow_surrounded_room, dk_rats_in_the_wall
D:5:      layout_rooms, mainiacjoe_overflow_tiny_flanked, kennysheep_mini_moat,
          minmay_temple_entry_glass, uniq_ijyb, uniq_grinder, uniq_pikel
D:6:      layout_basic, mainiacjoe_overflow_alcove_1, serial_park_tiny_pond
D:7:      layout_loops_ring, gammafunk_ghost_icy
D:8:      layout_loops_ring, gammafunk_temple_overflow_wave, lemuel_tele_altar,
          serial_shops, shop, kennysheep_generic_room_15
D:9:      layout_basic, mainiacjoe_overflow_six_doors_small, tgw_fedhas,
          uniq_prince_ribbit1
D:10:     layout_basic, jmf_multi_god_temple2, mainiacjoe_overflow_two_lobes,
          erik_lair_orcish_takeover, erik_orc_1
D:11:     layout_roguey
D:12:     layout_long_grid, nicolae_trove_entry_crossroad, minmay_crystal_water
D:13:     layout_layer_cave, grunt_vaults_entry_tiered, serial_shops, shop,
          uniq_jorgrun, uniq_lodul
D:14:     layout_long_grid, good_gods_temple_1, gauntlet_entry_generic,
          minivault_24
D:15:     grunt_enter_depths_magical_seal, layout_irregular_city,
          glass_columns_c, minmay_misc_feat_alley
Lair:1:   layout_cave_pods
Lair:2:   layout_cellular_growth, mainiacjoe_swamp_entry_angry_trees
Lair:3:   regret_index_malice_mire, layout_chaotic_city,
          spider_nest_entry_funnel_web, serial_bayou_shore_b, lemuel_fruit_tree,
          serial_bayou_shore_a, grunt_megastairs_4
Lair:4:   layout_regular_city
Lair:5:   evil_forest, layout_long_grid, minmay_slime_entry_oklob_open,
          cheibrodos_lair_lostbears, infiniplex_staircase_pool,
          grunt_megastairs_3, lemuel_fruit_fields, lemuel_fruit_fields
Swamp:1:  layout_basic_swamp, evilmike_swamp_ruin_house_3, uniq_roxanne
Swamp:2:  layout_falls_marsh, nicolae_swamp_round_clearing
Swamp:3:  layout_falls_marsh, nicolae_swamp_godswood, nicolae_swamp_tree_isthmus
Swamp:4:  swamp, layout_basic_swamp, uniq_mlioglotl
Spider:1: layout_spider_delve, nicolae_spider_altar_of_dancing
Spider:2: layout_chambers, nicolae_spider_bug_shape
Spider:3: layout_chambers, uniq_louise, uniq_arachne
Spider:4: hellmonk_spider_rune_endless_swarm, uniq_aizul
Orc:1:    layout_caves, gammafunk_ghost_necromancy
Orc:2:    st_orc_elflike, layout_diamond_mine, basic_altar,
          ebering_ghost_reflecting_pool
Elf:1:    layout_gridlike, serial_shops, shop, minmay_elf_annihilation
Elf:2:    elven_hall_of_blades_hangedman_original
          [nicolae_blade_entry_floor_patterns], layout_gridlike,
          nicolae_elf_glass_and_crystal_pillar_1
Elf:3:    elf_hall, layout_rooms, serial_sigils, serial_sigils_hangedman_shear,
          serial_sigils_hangedman_quiver, serial_sigils_hangedman_gut,
          serial_sigils_hangedman_leer, serial_shops, freezing_bzr
Vaults:1: vaults_room_fours, hangedman_vaults_nails, vaults_dpeg_doors,
          v_rooms_4, hangedman_vaults_corner_blocks, hangedman_vaults_nails,
          nicolae_vaults_house_2, nicolae_vaults_windows_and_doors_thing,
          vaults_room_fours, v_misc_8, layout_vaults_omnibox
Vaults:2: nicolae_vaults_wine_cellar, ontoclasm_vaults_tryst,
          grunt_vaults_swirl, minmay_crypt_entry_necro_gods, v_misc_14,
          v_rooms_3, nicolae_vaults_steering_wheel,
          nicolae_vaults_circle_grid_a, vaults_room_fours,
          nicolae_vaults_shelves_hall, nicolae_vaults_house_3,
          nicolae_vaults_closet_pinwheel_3, nicolae_vaults_storage_room_doors,
          grunt_vaults_hallway_long, layout_vaults_maze_bifur, serial_shops,
          shop, shop, shop
Vaults:3: hangedman_vaults_nodes, nicolae_vaults_an_arrangement,
          nicolae_vaults_rhombus_7, nicolae_vaults_storage_room_glass,
          nicolae_vaults_big_ls, v_misc_23, nicolae_vaults_little_squares_2,
          nicolae_vaults_bisected_exclaves, vaults_dpeg_hooks,
          nicolae_vaults_theta, vaults_mumra_hexcomb, v_alt_pattern_2,
          nicolae_vaults_tetromino_Z_2, nicolae_vaults_tetromino_L_2,
          nicolae_vaults_tetromino_Z_2, layout_vaults_omnicross,
          uniq_saint_roka, uniq_margery, uniq_nikola, uniq_sojobo
Vaults:4: hangedman_vaults_restitches, nicolae_vaults_trapezoid_layered,
          v_misc_16, vaults_mumra_chevron, nicolae_vaults_lightning_bolt,
          v_misc_17, serial_ice_g, nicolae_vaults_apartment_1, v_rooms_2,
          serial_library_hellmonk_semicircle, vaults_dpeg_cross,
          nicolae_vaults_yaktaur_gun_rack, vaults_room_door_ring,
          layout_vaults_ring, serial_magic_research,
          hangedman_research_probablistics, hangedman_research_geology,
          serial_shops, nicolae_shop_behind_doors
Vaults:5: uniq_mennas
Depths:1: layout_honeycomb, enter_ziggurat_d, nicolae_qazlal_general_emergency,
          pan_entry, hell_entry, hangedman_decor_growths, minivault_11,
          ebering_dispersal_statue_hall, hangedman_decor_diamond_cutter,
          fountainhead, tgw_trog
Depths:2: kennysheep_green_arena, layout_cave_pools, rand_demon_pan_entry_5,
          pf_coc_iceberg, serial_shops, shop, hangedman_glass_teeth,
          regret_index_xom_buried_treasure, kennysheep_generic_room_4
Depths:3: minmay_the_grid_triangle_9x9_recursive_3_mashed
          [minmay_the_grid_triangle_9x9_dagger,
          minmay_the_grid_triangle_9x9_warning,
          minmay_the_grid_triangle_9x9_pentomino_pain,
          minmay_the_grid_triangle_9x9_prize_center,
          minmay_the_grid_triangle_9x9_corruption,
          minmay_the_grid_triangle_9x9_fully_insulated_deathbox,
          minmay_the_grid_triangle_9x9_odd_lines,
          minmay_the_grid_triangle_9x9_windchime,
          minmay_the_grid_triangle_9x9_corrupted_corridor], layout_cave_shapes,
          abyss_entry_crystal, grunt_mini_vestibule, serial_shops,
          nicolae_shop_statue_plus, chequers_serial_rivers_room_b,
          infiniplex_staircase_hallway_doors, uniq_vv
Depths:4: evilmike_zot_entry_diamond, layout_gridlike, chequers_jeans,
          hellmouth_1, abyss_entry, serial_shops, nicolae_shop_rolling_square,
          nicolae_shop_i_like_small_books_too
Zot:1:    layout_twisted_circle, grunt_megastairs_2
Zot:2:    grunt_twist_and_shout, layout_cathedral_of_symmetry, basic_altar
Zot:3:    regret_index_zot_pan_timeshare, layout_gridlike,
          st_small_dragon_hoard_2, grunt_ministairs_7, st_stairs_2
Zot:4:    layout_gridlike, uniq_josephina
Zot:5:    layout_gridlike, st_stairs_7, grunt_ministairs_2,
          regret_index_zotdec_plus

Notes
Turn   | Place    | Note
-------+----------+-------------------------------------------
     0 | D:1      | Ruich the Armataur Fighter began the quest for the Orb.
     0 | D:1      | Reached XP level 1. HP: 18/18 MP: 1/1
    46 | D:1      | Reached skill level 2 in Maces & Flails
    47 | D:1      | Reached XP level 2. HP: 24/25 MP: 2/2
   544 | D:1      | Reached XP level 3. HP: 30/30 MP: 3/3
   550 | D:1      | Reached skill level 3 in Fighting
   551 | D:1      | Reached skill level 4 in Armour
   917 | D:2      | Noticed Sigmund
   922 | D:2      | Killed Sigmund
   923 | D:2      | Reached skill level 3 in Maces & Flails
   923 | D:2      | Reached skill level 4 in Shields
   923 | D:2      | Reached XP level 4. HP: 31/38 MP: 4/4
   923 | D:2      | Reached XP level 5. HP: 37/45 MP: 5/5
   942 | D:2      | Identified the +5 helmet of Beuletynio {Str+5}
   942 | D:2      | Noticed Robin
   947 | D:2      | Killed Robin
  1282 | D:2      | Found a runed translucent door.
  1283 | D:2      | Noticed Crazy Yiuf
  1292 | D:2      | Killed Crazy Yiuf
  1293 | D:2      | Reached XP level 6. HP: 38/51 MP: 6/6
  1880 | D:3      | Found a sparkling altar of Nemelex Xobeh.
  1926 | D:3      | Found a glowing golden altar of the Shining One.
  2055 | D:3      | Reached skill level 4 in Maces & Flails
  2139 | D:3      | Found a faded altar of an unknown god.
  2172 | D:3      | Reached skill level 5 in Armour
  2327 | D:3      | Found an iron altar of Okawaru.
  2334 | D:3      | Became a worshipper of Warmaster Okawaru
  2657 | D:4      | Found a glowing silver altar of Zin.
  3031 | D:4      | Reached * piety under Okawaru
  3032 | D:4      | Reached skill level 4 in Fighting
  3032 | D:4      | Reached skill level 1 in Stealth
  3032 | D:4      | Gained mutation: You regenerate magic and health when
                  | rolling toward enemies. (Rampage Regen) [Armataur growth]
  3032 | D:4      | Reached XP level 7. HP: 51/59 MP: 7/7
  3425 | D:4      | Reached skill level 5 in Maces & Flails
  3477 | D:4      | Reached skill level 2 in Stealth
  3624 | D:5      | Entered Level 5 of the Dungeon
  3827 | D:5      | Found a staircase to the Ecumenical Temple.
  3835 | D:5      | Noticed Grinder
  3847 | D:4      | Reached skill level 6 in Armour
  4045 | D:5      | Reached skill level 3 in Stealth
  4045 | D:5      | Reached XP level 8. HP: 62/67 MP: 8/8
  4067 | D:5      | Found a burning altar of Makhleb.
  4083 | D:5      | Found a shadowy altar of Dithmenos.
  4214 | D:5      | Reached ** piety under Okawaru
  4317 | D:5      | Killed Grinder
  4318 | D:5      | Reached skill level 6 in Maces & Flails
  4375 | D:5      | Reached skill level 5 in Fighting
  4438 | D:5      | Noticed Pikel
  4465 | D:5      | Killed Pikel
  4466 | D:5      | Reached skill level 7 in Armour
  4466 | D:5      | Reached skill level 4 in Stealth
  4659 | D:6      | Reached *** piety under Okawaru
  4660 | D:6      | Reached skill level 7 in Maces & Flails
  4769 | D:6      | Reached XP level 9. HP: 53/75 MP: 9/9
  5017 | D:6      | Found an ancient bone altar of Kikubaaqudgha.
  5137 | D:6      | Reached skill level 1 in Invocations
  5182 | D:6      | Reached skill level 6 in Fighting
  5570 | D:6      | Identified 3 scrolls of acquirement
  5570 | D:6      | Acquired a +4 demon whip of venom
  5580 | D:6      | Acquired 725 gold pieces
  5585 | D:6      | Acquired a manual of Armour
  5671 | D:7      | Found a runed translucent gate.
  5671 | D:7      | Found a runed translucent gate.
  5671 | D:7      | Found a runed translucent gate.
  5759 | D:7      | Reached skill level 8 in Armour
  5759 | D:7      | Reached skill level 2 in Invocations
  5823 | D:7      | Reached skill level 8 in Maces & Flails
  5828 | D:7      | Noticed Rin's ghost (novice FeSh)
  6637 | D:8      | Reached **** piety under Okawaru
  6640 | D:8      | Reached skill level 3 in Invocations
  6663 | D:8      | Reached skill level 9 in Armour
  6858 | D:8      | Found Egoosyfemi's Magic Scroll Shoppe.
  6864 | D:8      | Bought a scroll of revelation for 90 gold pieces
  6864 | D:8      | Bought a scroll of identify for 24 gold pieces
  6864 | D:8      | Bought a scroll of fear for 48 gold pieces
  6864 | D:8      | Bought a scroll of silence for 114 gold pieces
  6864 | D:8      | Bought a scroll of teleportation for 36 gold pieces
  6864 | D:8      | Bought a scroll of enchant weapon for 90 gold pieces
  6871 | D:8      | Identified a potion of resistance
  6970 | D:8      | Found a stormy altar of Qazlal.
  6970 | D:8      | Found a hide-covered altar of Uskayaw.
  7079 | D:8      | Reached XP level 10. HP: 79/84 MP: 12/12
  7111 | D:8      | Found a broken altar of Ashenzari.
  7219 | D:9      | Noticed a two-headed ogre
  7278 | D:9      | Killed a two-headed ogre
  7323 | D:9      | Reached skill level 9 in Maces & Flails
  7331 | D:9      | Reached skill level 7 in Fighting
  7334 | D:9      | Reached skill level 10 in Armour
  7334 | D:9      | Reached skill level 4 in Invocations
  7342 | D:9      | Reached ***** piety under Okawaru
  7365 | D:9      | Found a radiant altar of Vehumet.
  7383 | D:9      | Noticed Prince Ribbit
  7387 | D:9      | Killed Prince Ribbit
  7387 | D:9      | Received a gift from Okawaru
  7926 | D:9      | Found a blossoming altar of Fedhas.
  7948 | D:9      | Noticed an oklob plant
  8356 | D:9      | Reached skill level 11 in Armour
  8431 | D:9      | Reached skill level 5 in Invocations
  8543 | D:10     | Entered Level 10 of the Dungeon
  8559 | D:9      | Reached skill level 10 in Maces & Flails
  8842 | D:10     | Reached XP level 11. HP: 93/93 MP: 14/14
  8914 | D:10     | Found a staircase to the Lair.
  9027 | D:10     | Reached skill level 12 in Armour
  9031 | D:10     | Reached skill level 8 in Fighting
  9117 | D:10     | Received a gift from Okawaru
  9130 | D:10     | Reached skill level 11 in Maces & Flails
  9273 | D:10     | Found a snail-covered altar of Cheibriados.
  9273 | D:10     | Noticed a two-headed ogre
  9281 | D:10     | Killed a two-headed ogre
  9332 | D:10     | Found a sacrificial altar of Ru.
  9336 | D:10     | Paralysed by a hornet for 3 turns
  9654 | D:10     | Reached skill level 13 in Armour
  9718 | D:10     | Found a staircase to the Orcish Mines.
 10061 | D:10     | Found a basalt altar of Yredelemnul.
 10089 | D:10     | Found an opulent altar of Gozag.
 10355 | Lair:1   | Entered Level 1 of the Lair of Beasts
 10712 | Lair:1   | Reached skill level 9 in Fighting
 10712 | Lair:1   | Reached skill level 12 in Maces & Flails
 10712 | Lair:1   | Reached skill level 14 in Armour
 10880 | Lair:1   | Noticed a boulder beetle
 10895 | Lair:1   | Killed a boulder beetle
 10928 | Lair:1   | Reached XP level 12. HP: 104/104 MP: 15/15
 10944 | Lair:1   | Received a gift from Okawaru
 10954 | Lair:1   | Reached ****** piety under Okawaru
 11919 | Lair:2   | Received a gift from Okawaru
 11920 | Lair:2   | Reached skill level 15 in Armour
 11980 | Lair:2   | Reached skill level 6 in Invocations
 13733 | Lair:2   | Found a staircase to the Swamp.
 13906 | Lair:2   | Reached skill level 7 in Invocations
 13982 | Lair:2   | Received a gift from Okawaru
 14337 | Lair:3   | Reached skill level 10 in Fighting
 14564 | Lair:2   | Reached skill level 16 in Armour
 14643 | Lair:2   | Reached skill level 8 in Invocations
 14985 | Lair:3   | Noticed an eight-headed hydra
 14991 | Lair:3   | Killed an eight-headed hydra
 15007 | Lair:3   | Noticed a four-headed hydra
 15018 | Lair:3   | Killed a four-headed hydra
 15233 | Lair:3   | Noticed a four-headed hydra
 15245 | Lair:3   | Reached XP level 13. HP: 97/113 MP: 19/19
 15330 | Lair:3   | Acquired the +6 lightning scales {swift, rElec}
 15330 | Lair:3   | Received a gift from Okawaru
 15330 | Lair:3   | Found the +6 lightning scales {swift, rElec}
 15349 | Lair:3   | Acquired the +0 dire flail "Ymivoona" {freeze, rF- rC+++
                  | Int-2 Stlth+}
 15349 | Lair:3   | Received a gift from Okawaru
 15387 | Lair:3   | Received a gift from Okawaru
 15388 | Lair:3   | Reached skill level 9 in Invocations
 15508 | Lair:3   | Reached skill level 1 in Throwing
 15693 | Lair:3   | Reached skill level 17 in Armour
 15936 | Lair:3   | Reached skill level 2 in Throwing
 16233 | Lair:3   | Found a hole to the Spider Nest.
 16375 | Lair:3   | Received a gift from Okawaru
 16659 | Lair:4   | Reached skill level 10 in Invocations
 16843 | Lair:4   | Reached skill level 3 in Throwing
 16961 | Lair:4   | Reached skill level 11 in Fighting
 17173 | Lair:4   | Received a gift from Okawaru
 17748 | Lair:5   | Entered Level 5 of the Lair of Beasts
 17796 | Lair:4   | Reached skill level 11 in Invocations
 17834 | Lair:5   | Reached skill level 4 in Throwing
 18034 | Lair:5   | Found a viscous altar of Jiyva.
 18035 | Lair:5   | Found a staircase to the Slime Pits.
 18152 | Lair:5   | Reached XP level 14. HP: 109/124 MP: 22/22
 18196 | Lair:4   | Received a gift from Okawaru
 18890 | Lair:5   | Received a gift from Okawaru
 18891 | Lair:5   | Reached skill level 5 in Throwing
 18900 | Lair:5   | Reached skill level 12 in Invocations
 20420 | Lair:5   | Identified the +7 chain mail of Hedge Wizardry {rF+ rN+
                  | Regen+}
 20487 | Lair:5   | Found a burning altar of Makhleb.
 20497 | Lair:5   | Received a gift from Okawaru
 20604 | Lair:5   | Reached skill level 12 in Fighting
 20619 | Lair:5   | Reached skill level 6 in Throwing
 20652 | Lair:5   | Found a gateway to Hell.
 20659 | Lair:5   | Identified the staff of the Bursting Gods {rF++ rC+ Str-3
                  | Conj Summ}
 21328 | D:11     | Reached skill level 5 in Stealth
 21540 | D:12     | Received a gift from Okawaru
 21740 | D:12     | Found a portal to a secret trove of treasure.
 22517 | D:13     | Found Gopsiebb's Armour Boutique.
 22525 | D:13     | Bought the +2 cloak of Gehenna {Will+ Int+2} for 406 gold
                  | pieces
 22590 | D:13     | Noticed Jorgrun
 22601 | D:13     | Killed Jorgrun
 22602 | D:13     | Reached skill level 6 in Stealth
 22795 | D:13     | Noticed Lodul
 22818 | D:13     | Killed Lodul
 22819 | D:13     | Reached XP level 15. HP: 124/134 MP: 24/24
 23275 | D:13     | Reached skill level 7 in Throwing
 23298 | D:13     | Reached skill level 13 in Fighting
 23315 | D:13     | Received a gift from Okawaru
 23491 | D:13     | Found a gate to the Vaults.
 23528 | D:13     | Reached skill level 7 in Stealth
 24131 | D:14     | Found a gate leading to a gauntlet.
 24143 | Gauntlet | Entered a Gauntlet
 24143 | Gauntlet | Found a transporter.
 24143 | Gauntlet | Found a transporter.
 24148 | Gauntlet | Found a transporter.
 24148 | Gauntlet | Found a transporter.
 24164 | Gauntlet | Found a transporter.
 24174 | Gauntlet | Found a transporter.
 24176 | Gauntlet | Found a large runed translucent door.
 24177 | Gauntlet | Found a large runed translucent door.
 24178 | Gauntlet | Found a large runed translucent door.
 24178 | Gauntlet | Found a large runed translucent door.
 24191 | Gauntlet | Found a transporter.
 24202 | Gauntlet | Found a transporter.
 24228 | Gauntlet | Found a large runed translucent door.
 24228 | Gauntlet | Found a large runed translucent door.
 24281 | Gauntlet | Found a transporter.
 24296 | Gauntlet | Found a transporter.
 24314 | Gauntlet | Found a transporter.
 24323 | Gauntlet | Found a transporter.
 24339 | Gauntlet | Found a transporter.
 24408 | Gauntlet | Found a large runed translucent door.
 24409 | Gauntlet | Found a large runed translucent door.
 24410 | Gauntlet | Found a large runed translucent door.
 24410 | Gauntlet | Found a large runed translucent door.
 24410 | Gauntlet | Found a runed translucent door.
 24411 | Gauntlet | Found a large runed translucent door.
 24412 | Gauntlet | Found a large runed translucent door.
 24413 | Gauntlet | Found a large runed translucent door.
 24413 | Gauntlet | Found a large runed translucent door.
 24414 | Gauntlet | Found a runed translucent gate.
 24416 | Gauntlet | Found a transporter.
 24424 | Gauntlet | Found a transporter.
 24424 | Gauntlet | Found a runed translucent gate.
 24426 | Gauntlet | Found a transporter.
 24456 | Gauntlet | Found a runed translucent gate.
 24458 | Gauntlet | Found a large runed translucent door.
 24642 | Gauntlet | Identified the ring of Nyug Vuo {Str+4 Slay+4}
 24692 | Gauntlet | Identified the staff "Baoloraw" {rElec SInv Summ Air}
 25020 | D:14     | Received a gift from Okawaru
 25064 | D:14     | Reached skill level 8 in Stealth
 25079 | D:14     | Found a white marble altar of Elyvilon.
 25079 | D:14     | Found a glowing golden altar of the Shining One.
 25080 | D:14     | Found a glowing silver altar of Zin.
 25450 | D:15     | Entered Level 15 of the Dungeon
 25520 | D:15     | Reached skill level 8 in Throwing
 25520 | D:15     | Paralysed by an ogre mage for 4 turns
 25532 | D:15     | Reached skill level 14 in Fighting
 25837 | D:15     | Found a staircase to the Depths.
 26134 | D:15     | Received a gift from Okawaru
 26258 | D:15     | Reached skill level 9 in Stealth
 26459 | Orc:1    | Entered Level 1 of the Orcish Mines
 26749 | Orc:1    | Found a runed translucent gate.
 26756 | Orc:1    | Found a runed translucent gate.
 26810 | Orc:1    | Received a gift from Okawaru
 26962 | Orc:1    | Found a runed translucent gate.
 26987 | Orc:1    | Noticed Tinen's ghost (journeyman TrMo)
 27017 | Orc:1    | Killed Tinen's ghost
 27049 | Orc:1    | Acquired a manual of Fighting
 27178 | Orc:2    | Entered Level 2 of the Orcish Mines
 27192 | Orc:2    | Reached XP level 16. HP: 147/147 MP: 25/25
 27230 | Orc:2    | Identified a +1 robe of resistance
 27404 | Orc:2    | Reached skill level 15 in Fighting
 27410 | Orc:2    | Reached skill level 9 in Throwing
 27507 | Orc:2    | Found a staircase to the Elven Halls.
 27515 | Orc:2    | Found a runed translucent door.
 27523 | Orc:2    | Noticed sasquatch's ghost (journeyman DsBe)
 27554 | Orc:2    | Killed sasquatch's ghost
 28286 | Orc:2    | Found Tacexio's Book Boutique.
 28292 | Orc:2    | Found Feteytyt's Assorted Antiques.
 28294 | Orc:2    | Found Deeckem's General Store.
 28295 | Orc:2    | Found Jifuthro's Armour Emporium.
 28350 | Orc:2    | Bought a potion of mutation for 128 gold pieces
 28350 | Orc:2    | Bought a ring of willpower for 400 gold pieces
 28768 | Swamp:1  | Entered Level 1 of the Swamp
 28982 | Swamp:1  | Reached skill level 16 in Fighting
 29078 | Swamp:1  | Received a gift from Okawaru
 29709 | Swamp:1  | Noticed Roxanne
 29830 | Swamp:1  | Reached skill level 17 in Fighting
 29843 | Swamp:1  | Reached skill level 10 in Throwing
 30196 | Swamp:1  | Received a gift from Okawaru
 30466 | Swamp:2  | Reached skill level 18 in Fighting
 31030 | Swamp:3  | Received a gift from Okawaru
 31192 | Swamp:3  | Reached skill level 19 in Fighting
 31427 | Swamp:3  | Identified the +1 robe of Pathos {rF++ rC- Str+5}
 31634 | Swamp:3  | Found a shadowy altar of Dithmenos.
 31991 | Swamp:4  | Entered Level 4 of the Swamp
 32352 | Swamp:4  | Noticed Mlioglotl
 32366 | Swamp:4  | Killed Mlioglotl
 32367 | Swamp:4  | Reached XP level 17. HP: 150/168 MP: 26/26
 32509 | Swamp:4  | Received a gift from Okawaru
 33230 | Swamp:4  | Reached skill level 20 in Fighting
 33336 | Swamp:4  | Received a gift from Okawaru
 33712 | Swamp:4  | Got a decaying rune of Zot
 33918 | Spider:1 | Entered Level 1 of the Spider Nest
 34095 | Lair:3   | HP: 5/170 [burnt (13)]
 35246 | Spider:1 | Found a hide-covered altar of Uskayaw.
 35282 | Spider:1 | Received a gift from Okawaru
 36383 | Spider:2 | Reached skill level 21 in Fighting
 36505 | Spider:2 | Received a gift from Okawaru
 36798 | Spider:2 | Reached skill level 11 in Throwing
 37620 | Orc:2    | Bought a manual of Fighting for 1120 gold pieces
 37620 | Orc:2    | Bought a manual of Fighting for 1120 gold pieces
 37946 | Spider:3 | Reached XP level 18. HP: 152/182 MP: 27/27
 38304 | Spider:3 | Noticed Louise
 38324 | Spider:3 | Killed Louise
 38525 | Spider:3 | Reached skill level 5 in Shields
 38529 | Spider:3 | Received a gift from Okawaru
 38622 | Spider:3 | Noticed Arachne
 38787 | Spider:3 | Killed Arachne
 39244 | Spider:3 | Reached skill level 6 in Shields
 39786 | Spider:4 | Entered Level 4 of the Spider Nest
 40251 | Spider:4 | Reached skill level 7 in Shields
 40304 | Spider:4 | Reached skill level 22 in Fighting
 41201 | Spider:4 | Reached skill level 8 in Shields
 41226 | Spider:4 | Received a gift from Okawaru
 42041 | Spider:4 | Identified the serpent talisman "Zutotimn" {Str+6}
 42041 | Spider:4 | Noticed Aizul
 42060 | Spider:4 | Killed Aizul
 42061 | Spider:4 | Reached skill level 9 in Shields
 43055 | Spider:4 | Reached skill level 10 in Shields
 43438 | Spider:4 | Got a gossamer rune of Zot
 43800 | Elf:1    | Entered Level 1 of the Elven Halls
 44031 | Elf:1    | Received a gift from Okawaru
 44376 | Elf:1    | Reached skill level 1 in Dodging
 44682 | Elf:1    | Paralysed by an air elemental for 1 turns
 44692 | Elf:1    | Reached skill level 11 in Shields
 44737 | Elf:1    | Got the Discourse on Outbursts
 44901 | Elf:1    | Found Faliased's Antique Weapon Emporium.
 44909 | Elf:1    | Bought a faintly glowing morningstar for 360 gold pieces
 44909 | Elf:1    | Identified the +1 morningstar "Jiplew" {heavy, rPois Int+4}
                  | (You bought it in a shop on level 1 of the Elven Halls)
 45456 | Elf:2    | Reached XP level 19. HP: 193/193 MP: 28/28
 45604 | Elf:2    | Reached skill level 2 in Dodging
 45619 | Elf:2    | Found a runed translucent gate.
 45619 | Elf:2    | Found a runed translucent gate.
 45621 | Elf:2    | Found a runed translucent gate.
 45735 | Elf:2    | Received a gift from Okawaru
 45749 | Elf:2    | Reached skill level 23 in Fighting
 45772 | Elf:2    | Reached skill level 1 in Evocations
 45910 | Elf:2    | Paralysed by an air elemental for 1 turns
 45915 | Elf:2    | Paralysed by an air elemental for 1 turns
 46029 | Elf:3    | Entered Level 3 of the Elven Halls
 46052 | Elf:3    | Found a flickering gateway to a bazaar.
 46067 | Bazaar   | Entered a bazaar
 46072 | Bazaar   | Found Oseuc's Jewellery Boutique.
 46090 | Bazaar   | Found Ranael's Antique Armour Emporium.
 46107 | Bazaar   | Found Gesenig's Assorted Antiques.
 46125 | Bazaar   | Found Hualod's Distillery.
 46179 | Bazaar   | Bought a potion of mutation for 160 gold pieces
 46211 | Bazaar   | Bought a scroll of enchant armour for 150 gold pieces
 46643 | Elf:3    | Reached skill level 2 in Evocations
 46696 | Elf:3    | Reached skill level 12 in Shields
 46973 | Elf:3    | Identified the +9 lajatang "Dybeolix" {freeze, *Corrode
                  | rPois Will+++ SInv}
 47796 | Elf:3    | Identified the amulet of Etedakont {Reflect rC+ rN+ Str-4
                  | Slay+2 SH+5}
 47810 | Elf:3    | Reached skill level 3 in Dodging
 47834 | Elf:3    | Received a gift from Okawaru
 48792 | Elf:3    | Identified the +6 rapier of Division {elec, *Slow rElec
                  | Int+3}
 49444 | Elf:3    | Reached skill level 4 in Dodging
 49715 | Elf:3    | Identified the +5 dagger of Subjectivity {heavy, ^Contam
                  | Dex+2 Stlth+}
 49715 | Elf:3    | Identified the ring of the Past {rCorr Str+3 Int+6 Dex-4}
 50573 | Elf:3    | Received a gift from Okawaru
 50574 | Elf:3    | Reached skill level 13 in Shields
 50946 | Elf:3    | Identified the +6 broad axe of Cohariul {drain, Str+2}
 51179 | Elf:3    | Identified the staff of Inconvenience {^Contam rPois rN+++
                  | Int+4 Earth}
 51783 | Elf:3    | Identified the staff "Xaniagh" {rPois Dex+5 Alchemy}
 51804 | Elf:3    | Got the Precepts of Hyperbolic Impulse
 51820 | Elf:3    | Got the Vademecum on the Fluctuating Boggart
 51830 | Elf:3    | Got Cineopsi's Anthology of the Unstable Squall
 51844 | Elf:3    | Got the Compendium of Evil
 51886 | Elf:3    | Got the Vellum of the Coals and Degeneration
 52231 | Vaults:1 | Entered Level 1 of the Vaults
 52528 | Vaults:1 | Reached skill level 24 in Fighting
 52528 | Vaults:1 | Reached skill level 5 in Dodging
 52869 | Vaults:1 | Received a gift from Okawaru
 53125 | Vaults:1 | Reached XP level 20. HP: 204/206 MP: 29/29
 53484 | Vaults:2 | Reached skill level 14 in Shields
 53659 | Vaults:2 | Found Yteratea's General Store.
 53692 | Vaults:2 | Reached skill level 6 in Dodging
 54021 | Vaults:2 | Received a gift from Okawaru
 54173 | Vaults:2 | Found a staircase to the Crypt.
 54173 | Vaults:2 | Found a basalt altar of Yredelemnul.
 54173 | Vaults:2 | Found an ancient bone altar of Kikubaaqudgha.
 54306 | Vaults:2 | Found Koploc's Assorted Antiques.
 54449 | Vaults:2 | Found Muatooto's Magic Scroll Boutique.
 54460 | Vaults:2 | Bought a scroll of fear for 52 gold pieces
 54827 | Vaults:3 | Received a gift from Okawaru
 54997 | Vaults:3 | Reached skill level 25 in Fighting
 54997 | Vaults:3 | Reached skill level 18 in Armour
 55033 | Vaults:3 | Reached skill level 7 in Dodging
 55262 | Vaults:3 | Noticed Saint Roka
 55301 | Vaults:2 | Killed Saint Roka
 55302 | Vaults:2 | Reached skill level 15 in Shields
 55444 | Vaults:3 | Noticed Margery
 55449 | Arena    | Entered the Arena
 55460 | Arena    | Killed Margery
 56056 | Vaults:3 | Received a gift from Okawaru
 56231 | Vaults:3 | Noticed Nikola
 56269 | Vaults:3 | Killed Nikola
 56283 | Vaults:3 | Reached skill level 8 in Dodging
 56386 | Vaults:3 | Reached XP level 21. HP: 220/220 MP: 30/30
 56743 | Vaults:3 | Noticed Sojobo
 56762 | Vaults:3 | You are cast into the Abyss!
 56762 | Abyss:3  | Cast into level 3 of the Abyss (tengu reaver)
 56876 | Abyss:3  | Found a corrupted altar of Lugonu.
 56948 | Abyss:3  | Found an ancient bone altar of Kikubaaqudgha.
 56960 | Abyss:4  | Found a corrupted altar of Lugonu.
 56992 | Abyss:4  | Reached skill level 19 in Armour
 56992 | Abyss:4  | Found a corrupted altar of Lugonu.
 57000 | Vaults:3 | You pass through the gate.
 57000 | Vaults:3 | Escaped the Abyss
 57031 | Vaults:3 | Killed Sojobo
 57264 | Vaults:4 | Received a gift from Okawaru
 57589 | Vaults:4 | Reached skill level 26 in Fighting
 57757 | Vaults:4 | Reached skill level 10 in Stealth
 57961 | Vaults:4 | Received a gift from Okawaru
 58056 | Vaults:4 | Noticed a caustic shrike
 58071 | Vaults:4 | Killed a caustic shrike
 58143 | Vaults:4 | Got Ydoicyuz's Discourse on Orogeny
 58210 | Vaults:4 | Found Pibof's Armour Emporium.
 58522 | Vaults:4 | Reached skill level 9 in Dodging
 58696 | Vaults:4 | Reached skill level 13 in Maces & Flails
 59000 | Depths:1 | Entered Level 1 of the Depths
 59203 | Depths:1 | Received a gift from Okawaru
 59371 | Depths:1 | Found a one-way gate leading to the halls of Pandemonium.
 59946 | Depths:1 | Found a stormy altar of Qazlal.
 60062 | Depths:1 | Found a one-way gateway to a ziggurat.
 60114 | Depths:1 | Reached skill level 20 in Armour
 60534 | Depths:1 | Found a bloodstained altar of Trog.
 60815 | Depths:2 | Received a gift from Okawaru
 60868 | Depths:2 | Reached XP level 22. HP: 231/231 MP: 31/31
 60970 | Depths:2 | Reached skill level 10 in Dodging
 61170 | Depths:2 | Found Zeis's Magic Scroll Shop.
 61189 | Depths:2 | Bought a scroll of fog for 56 gold pieces
 61189 | Depths:2 | Bought a scroll of enchant armour for 105 gold pieces
 61189 | Depths:2 | Bought a scroll of teleportation for 42 gold pieces
 61276 | Depths:2 | Received a gift from Okawaru
 61293 | Depths:2 | Noticed a golden dragon
 61305 | Depths:2 | Killed a golden dragon
 61306 | Depths:2 | Reached skill level 14 in Maces & Flails
 61404 | Depths:2 | Identified the ring of the Sufficient God {rPois rC++ rN+
                  | Str+3}
 61604 | Depths:2 | Found a shimmering altar of Xom.
 62391 | Depths:3 | Noticed Vv
 62400 | Arena    | Entered the Arena
 62452 | Arena    | Killed Vv
 62509 | Depths:3 | Found a one-way gate to the infinite horrors of the Abyss.
 62696 | Depths:3 | Received a gift from Okawaru
 62722 | Depths:3 | Found Uties's Assorted Antiques.
 62737 | Depths:3 | Bought 2 scrolls of revelation for 555 gold pieces
 62908 | Depths:3 | Found a runed translucent door.
 62910 | Depths:3 | Noticed a golden dragon
 62911 | Depths:3 | Noticed a golden dragon
 62913 | Depths:3 | Found a runed translucent door.
 62916 | Depths:3 | Noticed a golden dragon
 62939 | Depths:3 | Reached skill level 27 in Fighting
 63012 | Depths:3 | Reached skill level 15 in Maces & Flails
 63037 | Depths:3 | Noticed a juggernaut
 63051 | Depths:3 | Killed a juggernaut
 63292 | Depths:3 | Found the ring of the Octopus King
 63300 | Depths:3 | Identified a ring of the Octopus King {rF+ HP+2 AC+2 EV+2
                  | SH+2}
 63303 | Depths:3 | Identified the amulet of the Threshing Fool {Acrobat
                  | Rampage +Inv Str+5 Stlth-}
 63305 | Depths:3 | Identified the +4 morningstar of the Priest {protect, rElec
                  | SInv}
 63354 | Depths:3 | Found a runed translucent door.
 63418 | Depths:3 | Identified the +12 spear of the Depths {drain, rF+ Str+2
                  | Stlth-}
 63875 | Depths:3 | Received a gift from Okawaru
 63888 | Depths:3 | Killed a golden dragon
 63905 | Depths:3 | Killed a golden dragon
 63959 | Depths:3 | Killed a golden dragon
 63960 | Depths:3 | Reached skill level 16 in Maces & Flails
 64060 | Depths:4 | Entered Level 4 of the Depths
 64530 | Depths:4 | Identified the ring "Tuzxo" {Int+6 Dex+7}
 64629 | Depths:4 | Reached skill level 12 in Throwing
 64897 | Depths:4 | Found Nipusy's Tiny Tomes.
 65000 | Depths:4 | Reached XP level 23. HP: 240/240 MP: 32/32
 65278 | Depths:4 | Received a gift from Okawaru
 65295 | Depths:4 | Reached skill level 13 in Throwing
 65396 | Depths:4 | Found Ykosuh's General Store.
 65422 | Depths:4 | Bought a scroll of fog for 60 gold pieces
 65634 | Depths:4 | Reached skill level 14 in Throwing
 65777 | Depths:4 | Found a gate to the Realm of Zot.
 66349 | Depths:4 | Identified the +6 demon whip "Romusch" {pain, rF+ MP+9
                  | Dex-4 Stlth+}
 66796 | Vaults:5 | Entered Level 5 of the Vaults
 66925 | Vaults:5 | Reached skill level 15 in Throwing
 67068 | Vaults:5 | Reached skill level 16 in Throwing
 67421 | Vaults:5 | Received a gift from Okawaru
 67554 | Vaults:5 | Noticed an ancient lich
 67570 | Vaults:5 | Killed an ancient lich
 67755 | Vaults:5 | Identified the +0 ring mail "Goat" {rPois Int+3}
 67808 | Vaults:5 | Noticed an ancient lich
 67852 | Vaults:5 | Killed an ancient lich
 68055 | Vaults:5 | Reached skill level 17 in Throwing
 68301 | Vaults:5 | Identified the +7 war axe of the Rat {freeze, Will+}
 68391 | Vaults:5 | Identified the orb of Minor Irritation {guile, rF+ Stlth+}
 68396 | Vaults:5 | Identified the -1 cloak of Inaction {Regen+ Dex+4}
 68402 | Vaults:5 | Identified the staff of Tobbuji {rC+ Str+5 Ice}
 68470 | Vaults:5 | Identified a +2 crystal plate armour
 68605 | Vaults:5 | Noticed Mennas
 68638 | Vaults:5 | Killed Mennas
 68709 | Vaults:5 | Reached XP level 24. HP: 236/249 MP: 32/32
 68879 | Vaults:5 | Got a silver rune of Zot
 68990 | Vaults:5 | Received a gift from Okawaru
 69417 | Vaults:5 | Reached skill level 18 in Throwing
 69417 | Vaults:5 | Identified the +4 mace "Icofopn" {heavy, Str+5 Int-4 Dex+5}
 70100 | Zot:1    | Entered Level 1 of the Realm of Zot
 70908 | Zot:1    | Reached skill level 19 in Throwing
 71752 | Zot:1    | Reached skill level 11 in Stealth
 71825 | Zot:1    | Received a gift from Okawaru
 71892 | Zot:1    | Noticed a curse toe
 71898 | Zot:1    | Banished a curse toe
 72002 | Zot:1    | Identified the +1 robe of Gilut {Harm}
 72131 | Zot:1    | Reached skill level 12 in Stealth
 73054 | Zot:2    | Reached skill level 13 in Stealth
 73503 | Zot:2    | Noticed a curse toe
 73508 | Zot:2    | Killed a curse toe
 73520 | Zot:2    | Received a gift from Okawaru
 73522 | Zot:2    | Reached skill level 14 in Stealth
 74033 | Zot:2    | Reached skill level 15 in Stealth
 74788 | Zot:2    | Found a stormy altar of Qazlal.
 75706 | Zot:2    | Reached skill level 16 in Stealth
 76329 | Zot:3    | Reached XP level 25. HP: 143/244 MP: 0/32
 77098 | Zot:3    | Noticed a curse toe
 77102 | Zot:3    | Killed a curse toe
 77103 | Zot:3    | Reached skill level 17 in Stealth
 77128 | Zot:3    | Noticed a curse toe
 77134 | Zot:3    | Killed a curse toe
 77481 | Zot:3    | Reached skill level 18 in Stealth
 77576 | Zot:3    | Gained mutation: Your magical capacity is low. (-10% MP)
                  | [mutagenic glow]
 78363 | Zot:3    | Received a gift from Okawaru
 78786 | Zot:3    | Reached skill level 19 in Stealth
 78912 | Zot:4    | Noticed an electric golem
 78930 | Zot:3    | Killed an electric golem
 80246 | Zot:4    | Reached skill level 20 in Stealth
 80973 | Zot:3    | Received a gift from Okawaru
 81285 | Zot:4    | Identified the ring "Doumouwi" {Ice Fly Will+ Dex+5}
 81285 | Zot:4    | Noticed Josephina
 81304 | Zot:4    | Killed Josephina
 81943 | Zot:4    | Reached skill level 20 in Throwing
 82090 | Zot:5    | Entered Level 5 of the Realm of Zot
 82090 | Zot:5    | Noticed a dread lich
 82090 | Zot:5    | Noticed a dread lich
 82090 | Zot:5    | Noticed a Killer Klown
 82103 | Zot:5    | Noticed an orb of fire
 82104 | Arena    | Entered the Arena
 82112 | Arena    | Killed an orb of fire
 82145 | Arena    | Entered the Arena
 82153 | Arena    | Killed a dread lich
 82187 | Zot:5    | Noticed an orb of fire
 82199 | Zot:5    | Gained mutation: You are vulnerable to heat. (rF-) [an orb
                  | of fire]
 82202 | Zot:5    | Killed an orb of fire
 82212 | Zot:5    | Lost mutation: You are vulnerable to heat. (rF-) [potion of
                  | mutation]
 82212 | Zot:5    | Lost mutation: Your magical capacity is low. (-10% MP)
                  | [potion of mutation]
 82212 | Zot:5    | Gained mutation: You have a pair of small antennae on your
                  | head. [potion of mutation]
 82212 | Zot:5    | Gained mutation: You are dopey. (Int -2) [potion of
                  | mutation]
 82212 | Zot:5    | Gained mutation: You are partially covered in iridescent
                  | scales. (AC +2) [potion of mutation]
 82220 | Zot:5    | Noticed an electric golem
 82224 | Zot:5    | Killed a Killer Klown
 82236 | Zot:5    | Killed an electric golem
 82260 | Zot:5    | Noticed an orb of fire
 82270 | Zot:5    | Killed an orb of fire
 82468 | Zot:5    | Killed a dread lich
 82469 | Zot:5    | Reached XP level 26. HP: 231/266 MP: 32/32
 82477 | Zot:5    | Noticed an ancient lich
 82488 | Zot:5    | Killed an ancient lich
 82583 | Zot:5    | Noticed an orb of fire
 82585 | Zot:5    | Gained mutation: You passively map a small area around you.
                  | [an orb of fire]
 82590 | Zot:5    | Gained mutation: You occasionally shout uncontrollably at
                  | your foes. [an orb of fire]
 82594 | Zot:5    | Killed an orb of fire
 82632 | Zot:5    | Reached skill level 16 in Shields
 83159 | Zot:5    | Received a gift from Okawaru
 83184 | Zot:4    | Reached skill level 21 in Armour
 83371 | Zot:5    | Noticed a curse toe
 83375 | Zot:5    | Killed a curse toe
 84641 | Zot:5    | Reached skill level 17 in Maces & Flails
 85630 | Zot:5    | Noticed an electric golem
 85654 | Zot:5    | Killed an electric golem
 85663 | Zot:5    | Noticed an orb of fire
 85677 | Zot:5    | Gained mutation: Your magical capacity is low. (-10% MP)
                  | [an orb of fire]
 85684 | Zot:5    | Killed an orb of fire
 85914 | Zot:5    | Noticed an orb of fire
 85933 | Zot:5    | Gained mutation: You are frail. (-10% HP) [an orb of fire]
 85943 | Zot:5    | Killed an orb of fire
 85954 | Zot:5    | Reached skill level 17 in Shields
 86082 | Zot:5    | Noticed an orb of fire
 86085 | Zot:5    | Lost mutation: You occasionally shout uncontrollably at
                  | your foes. [an orb of fire]
 86086 | Zot:5    | Gained mutation: You are clumsy. (Dex -2) [an orb of fire]
 86087 | Zot:5    | Killed an orb of fire
 86131 | Zot:5    | Noticed an orb of fire
 86134 | Zot:5    | Killed an orb of fire
 87352 | Zot:5    | Lost mutation: You are partially covered in iridescent
                  | scales. (AC +2) [potion of mutation]
 87352 | Zot:5    | Lost mutation: You are frail. (-10% HP) [potion of
                  | mutation]
 87352 | Zot:5    | Lost mutation: You are clumsy. (Dex -2) [potion of
                  | mutation]
 87352 | Zot:5    | Gained mutation: You are clumsy. (Dex -2) [potion of
                  | mutation]
 87405 | Zot:5    | Got the Orb of Zot
 87608 | Depths:1 | Gained mutation: You occasionally lose the ability to read
                  | scrolls when taking damage. [a cacodemon]
 87616 | Depths:1 | Gained mutation: You are weak. (Str -2) [a cacodemon]
 87881 | D:10     | Noticed Rajitez the pandemonium lord
 87977 | D:6      | Noticed a seraph
 88203 | D:$      | Escaped with the Orb!

Vanquished Creatures
  2 dread liches
  3 ancient liches
  Mennas (Vaults:5)
  8 orbs of fire
  A juggernaut (Depths:3)
  Sojobo (Vaults:3)
  Josephina (Zot:4)
  Vv (Arena)
  4 Killer Klowns (Zot:5)
  Margery (Arena)
  Saint Roka (Vaults:2)
  A caustic shrike (Vaults:4)
  4 curse toes
  15 golden dragons
  Nikola (Vaults:3)
  3 bone dragons
  Arachne (Spider:3)
  3 electric golems
  6 liches
  Jorgrun (D:13)
  25 Orb Guardians (Zot:5)
  17 tentacled monstrosities
  Mlioglotl (Swamp:4)
  4 titans
  2 walking earthen tomes
  4 quicksilver dragons
  2 deep elf blademasters (Elf:3)
  A walking divine tome (Depths:3)
  A searing wretch (Vaults:3)
  4 sphinxes
  12 death cobs
  2 deep elf master archers (Elf:3)
  2 Executioners
  15 storm dragons
  10 shadow dragons
  4 tengu reavers
  The ghost of Tinen the Brawler, a journeyman TrMo of Wu Jian (Orc:1)
  Aizul (Spider:4)
  12 vault wardens
  7 draconian monks
  A fenstrider witch (Swamp:3)
  7 fire giants
  3 deep elf sorcerers (Elf:3)
  7 draconian knights
  8 emperor scorpions
  5 balrugs
  6 protean progenitors (Zot:3)
  12 frost giants
  4 iron dragons
  8 ghost moths
  The ghost of sasquatch the Severer, a journeyman DsBe of Trog (Orc:2)
  Louise (Spider:3)
  6 draconian shifters
  5 deep elf elementalists (Elf:3)
  6 draconian scorchers
  A juggernaut zombie (Depths:2)
  A draconian stormcaller (Zot:1)
  An orc warlord (Vaults:4)
  17 ironbound preservers
  A caustic shrike zombie (Depths:2)
  2 quicksilver oozes (Zot:2)
  5 spriggan defenders
  A ghoul (Abyss:4)
  9 draconian annihilators
  5 ironbound thunderhulks
  4 formless jellyfish
  7 broodmothers
  18 very ugly things
  15 stone giants
  2 vampire knights
  7 green draconians
  2 eleionomae (Swamp:1)
  5 deep elf demonologists (Elf:3)
  A starflower (Abyss:4)
  14 deep elf death magi
  7 deep elf annihilators
  18 red draconians
  11 white draconians
  14 yellow draconians
  A lorocyproca (Vaults:3)
  5 spark wasps
  7 black draconians
  16 purple draconians
  12 dire elephants
  3 war gargoyles
  A minotaur (Gauntlet)
  3 bunyips
  An eidolon (Vaults:4)
  2 fire dragons
  6 blizzard demons
  2 crystal guardians (Vaults:4)
  3 jiangshi (Depths:2)
  7 ettins
  5 deep elf high priests
  11 yaktaur captains
  5 entropy weavers
  3 rakshasas
  A hell beast (Depths:3)
  23 hydras
  3 shambling mangroves
  6 great orbs of eyes
  3 ghost crabs
  4 spriggan air magi
  9 ice dragons
  32 vault guards
  6 jorogumos
  2 peacekeepers
  3 catoblepae
  7 alligators
  3 ogre magi
  18 centaur warriors
  2 radroaches
  6 boulder beetles
  12 dancing weapons
  A two-headed ogre (shapeshifter) (Depths:3)
  8 ironbound frosthearts
  8 deep troll shamans
  10 death yaks
  15 deep troll earth magi
  14 two-headed ogres
  6 tengu warriors
  9 demonic crawlers
  A hell hog (Depths:3)
  A shock serpent (shapeshifter) (Vaults:5)
  A vampire mage (Depths:2)
  A thrashing horror (Abyss:4)
  An occultist (Vaults:4)
  7 orc high priests
  6 deep elf knights
  2 spriggan berserkers
  2 soul eaters (Depths:2)
  17 hell knights
  14 iron trolls
  10 pharaoh ants
  Lodul (D:13)
  A sixfirhy (Lair:5)
  A salamander mystic (Depths:4)
  5 goliath frogs
  A fire crab (shapeshifter) (Vaults:5)
  2 quicksilver dragon simulacra (Zot:4)
  6 spriggan druids
  An orb spider (shapeshifter) (Depths:4)
  4 glowing orange brains
  56 deep trolls
  8 swamp dragons (Swamp:4)
  8 orb spiders
  9 arcanists
  2 sun moths
  8 bog bodies
  9 deep elf archers
  17 ironbound convokers
  10 orc knights
  3 large abominations
  Pikel (D:5)
  7 steelbarb worms
  A shadow dragon zombie (Depths:2)
  5 phantasmal warriors
  12 lindwurms
  A tengu zombie (Depths:2)
  20 deep elf zephyrmancers
  10 necromancers
  A human zombie (Vaults:3)
  20 deep elf pyromancers
  3 starcursed masses (Abyss:3)
  5 cyclopes
  7 orc sorcerers
  7 will-o-the-wisps
  22 wolf spiders
  A faun (shapeshifter) (Vaults:5)
  A shining eye (shapeshifter) (Depths:4)
  28 ugly things
  2 manticores
  42 moths of wrath
  A cyclops (shapeshifter) (Vaults:5)
  2 centaur zombies (D:15)
  2 eyes of devastation (shapeshifter)
  A salamander (Depths:4)
  5 kobold blastminers
  3 meliai (Spider:1)
  5 black mambas
  A stone giant skeleton (Vaults:3)
  6 elephants
  A frost giant skeleton (Depths:2)
  8 torpor snails
  A cane toad (shapeshifter) (Depths:3)
  20 vault sentinels
  3 smoke demons
  2 orange demons (Lair:5)
  A molten gargoyle (Depths:4)
  A gargoyle (D:11)
  15 cane toads
  2 centaur skeletons
  38 yaktaurs
  2 efreet
  A hellion (Depths:2)
  3 kobold demonologists
  3 ice devils (Lair:5)
  9 rime drakes
  13 komodo dragons
  A human skeleton (Vaults:3)
  2 freezing wraiths
  5 tengu conjurers
  A red devil (Lair:5)
  10 tyrant leeches
  A bloated husk (Swamp:3)
  7 trolls
  26 hornets
  7 polar bears
  25 blink frogs
  2 hellwings
  Prince Ribbit (D:9)
  A shadow dragon simulacrum (Zot:4)
  5 glass eyes
  32 tarantellas
  A glass eye (shapeshifter) (D:14)
  A raiju (Abyss:3)
  Grinder (D:5)
  A black mamba (shapeshifter) (Vaults:5)
  A stone giant simulacrum (Vaults:3)
  3 snapping turtles (Zot:3)
  A draconian simulacrum (Zot:4)
  A culicivora (shapeshifter) (D:14)
  28 jumping spiders
  Sigmund (D:2)
  5 dream sheep (Lair:3)
  A centaur simulacrum (D:15)
  4 shadows
  23 culicivoras
  52 slime creatures
  23 spriggans
  8 water elementals
  3 air elementals
  A wraith (D:10)
  2 orc simulacra (Orc:1)
  2 vampires
  86 yaks
  11 wyverns
  2 fire elementals (Elf:3)
  18 humans (D:13)
  4 small abominations
  8 basilisks
  5 wargs
  66 redbacks
  A steam dragon (D:7)
  11 vampire mosquitoes
  2 chaos spawn (Abyss:3)
  3 acid dragons
  An ogre zombie (Vaults:3)
  19 swamp worms
  10 swamp drakes
  9 water moccasins
  3 hell hounds (Lair:5)
  2 sky beasts
  2 ice beasts
  15 orc warriors
  3 boggarts (Vaults:2)
  10 wolves
  25 ogres
  7 centaurs
  A phantom (D:7)
  A lemure (D:5)
  6 kobold brigands
  8 bullfrogs
  A spectral warg (Orc:1)
  3 scorpions
  8 wights (D:8)
  An earth elemental (Elf:1)
  A hornet simulacrum (D:14)
  17 killer bees
  A spectral ogre (Orc:1)
  2 electric eels
  3 howler monkeys
  2 bombardier beetles
  10 hounds
  6 jellies
  25 orc priests
  Crazy Yiuf (D:2)
  A sleepcap (D:6)
  A gnoll bouda (D:8)
  6 iguanas
  15 orc wizards
  3 spectral orcs (Orc:1)
  7 hell rats
  A boggart simulacrum (D:15)
  Robin (D:2)
  8 adders
  12 gnolls
  An ogre simulacrum (Orc:1)
  A shadow imp (D:6)
  A white imp (Vaults:4)
  8 ufetubi
  6 dart slugs
  A ribbon worm (D:3)
  56 orcs
  9 ball pythons
  10 endoplasms
  4 giant cockroaches
  12 goblins
  14 hobgoblins
  4 jackals (D:1)
  13 kobolds
  3 quokkas
  5 bats
  3 frilled lizards
  6 rats
  2 aspiring fleshes (Zot:3)
  A butterfly (Lair:5)
2222 creatures vanquished.

Vanquished Creatures (others)
  A vault guard (Vaults:5)
  A rakshasa (Depths:1)
  A deep elf knight (Elf:3)
  A goliath frog (Swamp:1)
  A deep elf zephyrmancer (Elf:3)
  2 deep elf pyromancers (Elf:3)
  A moth of wrath (Zot:2)
  2 bloated husks (Swamp:4)
  An orc wizard (Orc:2)
  14 foxfires
25 creatures vanquished.

Grand Total: 2247 creatures vanquished

Table legend: (Time is in decaauts)
 A = Elapsed time spent in this place.
 B = Non-inter-level travel time spent in this place.
 C = Inter-level travel time spent in this place.
 D = Time resting spent in this place.
 E = Time spent auto-exploring this place.
 F = Levels seen in this place.
 G = Mean time per level.
                   A        B        C        D        E       F      G
               +--------+--------+--------+--------+--------+-----+--------+
         Total |  81502 |  77354 |   4148 |  30642 |  25632 |  55 | 1481.9 |
       Dungeon |  15947 |  14651 |   1296 |   2291 |   8869 |  15 | 1063.1 |
          Lair |  11308 |  10307 |   1001 |   4715 |   3725 |   5 | 2261.6 |
         Swamp |   4130 |   4008 |    122 |   1332 |   1541 |   4 | 1032.5 |
   Spider Nest |   8137 |   7891 |    246 |   3416 |   2387 |   4 | 2034.2 |
  Orcish Mines |   1880 |   1681 |    199 |    422 |    668 |   2 |  940.0 |
   Elven Halls |   7689 |   7473 |    216 |   4894 |    822 |   3 | 2563.0 |
        Vaults |   8049 |   7578 |    471 |   1758 |   3100 |   5 | 1609.8 |
        Depths |   7052 |   6825 |    227 |   2497 |   2363 |   4 | 1763.0 |
           Zot |  16339 |  15973 |    366 |   9275 |   2011 |   5 | 3267.8 |
         Abyss |    184 |    184 |      0 |      0 |      0 |   2 |   92.0 |
        Bazaar |    168 |    168 |      0 |      0 |      0 |   1 |  168.0 |
      Gauntlet |    494 |    494 |      0 |      0 |    143 |   1 |  494.0 |
         Arena |    120 |    120 |      0 |     37 |      0 |   4 |   30.0 |
               +--------+--------+--------+--------+--------+-----+--------+

Top non-repeatable levels by time:
   Elf:3: 5603 daAuts
   Zot:5: 4857 daAuts
   Zot:3: 4048 daAuts
  Lair:2: 3521 daAuts
   Zot:2: 3162 daAuts
Spider:4: 2848 daAuts
Vaults:5: 2542 daAuts
  Lair:5: 2446 daAuts
Depths:4: 2387 daAuts
  Lair:3: 2293 daAuts
Spider:3: 2252 daAuts
   Zot:1: 2239 daAuts
Depths:3: 2116 daAuts
   Zot:4: 2031 daAuts
Spider:2: 1936 daAuts

Table legend:
 A = Non-vault XP
 B = Vault XP
 C = Vault XP percentage of total XP
 D = Non-vault monster count
 E = Vault monster count
 F = Vault count percentage of total count
                 A         B        C        D         E       F
            +---------+---------+-------+---------+---------+-------
      Total |  765940 |  650828 |  45.9 |    1475 |     778 |  34.5
            +---------+---------+-------+---------+---------+-------
        D:1 |      58 |       0 |   0.0 |      31 |       0 |   0.0
        D:2 |      18 |     311 |  94.5 |      11 |      15 |  57.7
        D:3 |     127 |       0 |   0.0 |      24 |       0 |   0.0
        D:4 |     620 |     154 |  19.9 |      17 |      11 |  39.3
        D:5 |     449 |     903 |  66.8 |      14 |       2 |  12.5
        D:6 |     972 |       0 |   0.0 |      22 |       0 |   0.0
        D:7 |    1007 |       0 |   0.0 |      22 |       0 |   0.0
        D:8 |     930 |       0 |   0.0 |      19 |       0 |   0.0
        D:9 |    4284 |     274 |   6.0 |      33 |       1 |   2.9
       D:10 |    6317 |    2306 |  26.7 |      36 |      29 |  44.6
       D:11 |    4349 |       0 |   0.0 |      14 |       0 |   0.0
       D:12 |    5989 |       0 |   0.0 |      27 |       0 |   0.0
       D:13 |    8118 |   12518 |  60.7 |      19 |      35 |  64.8
       D:14 |    7894 |       0 |   0.0 |      17 |       0 |   0.0
       D:15 |   14839 |    4682 |  24.0 |      22 |      11 |  33.3
     Lair:1 |    5592 |     708 |  11.2 |      23 |       1 |   4.2
     Lair:2 |    8371 |    2497 |  23.0 |      33 |       9 |  21.4
     Lair:3 |   10627 |    7303 |  40.7 |      28 |      29 |  50.9
     Lair:4 |   10637 |    1551 |  12.7 |      24 |       5 |  17.2
     Lair:5 |   12680 |   12090 |  48.8 |      37 |      35 |  48.6
    Swamp:1 |   19230 |       0 |   0.0 |      33 |       0 |   0.0
    Swamp:2 |   13187 |       0 |   0.0 |      33 |       0 |   0.0
    Swamp:3 |   14093 |       0 |   0.0 |      33 |       0 |   0.0
    Swamp:4 |    7694 |   19334 |  71.5 |      19 |      29 |  60.4
   Spider:1 |   12204 |    2282 |  15.8 |      25 |       8 |  24.2
   Spider:2 |   24237 |    4635 |  16.1 |      57 |       8 |  12.3
   Spider:3 |   22789 |    3414 |  13.0 |      45 |       2 |   4.3
   Spider:4 |   18106 |   24610 |  57.6 |      53 |      50 |  48.5
      Orc:1 |    5599 |    1854 |  24.9 |      36 |       9 |  20.0
      Orc:2 |    3076 |    9668 |  75.9 |      22 |      23 |  51.1
      Elf:1 |   11743 |    4554 |  27.9 |      21 |       7 |  25.0
      Elf:2 |   15690 |    1649 |   9.5 |      29 |       2 |   6.5
      Elf:3 |   16111 |   35980 |  69.1 |      25 |      32 |  56.1
   Vaults:1 |   22920 |   12669 |  35.6 |      33 |      26 |  44.1
   Vaults:2 |   24326 |   16996 |  41.1 |      43 |      18 |  29.5
   Vaults:3 |   26011 |   44069 |  62.9 |      53 |      50 |  48.5
   Vaults:4 |   28732 |   27832 |  49.2 |      40 |      34 |  45.9
   Vaults:5 |   29862 |   97051 |  76.5 |      44 |      88 |  66.7
   Depths:1 |   30245 |    4771 |  13.6 |      34 |       5 |  12.8
   Depths:2 |   28901 |   25078 |  46.5 |      40 |      22 |  35.5
   Depths:3 |   21254 |   50091 |  70.2 |      23 |      39 |  62.9
   Depths:4 |   57186 |   16910 |  22.8 |      68 |      14 |  17.1
      Zot:1 |   37460 |   10083 |  21.2 |      30 |       9 |  23.1
      Zot:2 |   36929 |   24429 |  39.8 |      33 |      26 |  44.1
      Zot:3 |   42915 |   34676 |  44.7 |      40 |      27 |  40.3
      Zot:4 |   53128 |    6599 |  11.0 |      48 |       6 |  11.1
      Zot:5 |   34052 |  104378 |  75.4 |      28 |      41 |  59.4
    Abyss:3 |    3478 |       0 |   0.0 |      10 |       0 |   0.0
    Abyss:4 |       0 |    3950 | 100.0 |       0 |       5 | 100.0
   Gauntlet |     904 |    2806 |  75.6 |       4 |      11 |  73.3
      Arena |       0 |   15163 | 100.0 |       0 |       4 | 100.0
            +---------+---------+-------+---------+---------+-------
